 Dungeon Crawl Stone Soup version 0.30-a0-174-gbc10bd73c2 (webtiles) character file.

Game seed: 16331304397457432957

4256 qw the Cleaver (level 10, -8/64 HPs)
             Began as a Gargoyle Fighter on Oct 1, 2022.
             Splashed by a brown ugly thing's acid (10 damage)
             ... on level 8 of the Dungeon.
             The game lasted 00:02:41 (5994 turns).

qw the Cleaver (Gargoyle Fighter)                   Turns: 5994, Time: 00:02:42

Health: -8/64      AC: 17    Str: 30    XL:     10   Next: 31%
Magic:  10/10      EV:  7    Int:  9    God:
Gold:   91         SH:  4    Dex:  9    Spells: 9/9 levels left

rFire   . . .      SeeInvis .    Y - +4 war axe (vorpal)
rCold   . . .      Faith    .    c - +0 buckler
rNeg    + . .      Spirit   .    l - +0 plate armour
rPois   inf        Reflect  .    (no helmet)
rElec   +          Harm     .    q - +0 cloak
rCorr   .          Rampage  .    (no gloves)
Will    .....                    (no boots)
Stlth   ..........               g - amulet of regeneration
HPRegen 1.10/turn                e - +6 ring of strength
MPRegen 0.12/turn                (no ring)

@: about to teleport, corroded
A: sickness immunity, AC +7, negative energy resistance 1, electricity
resistance, torment resistance 1, petrification resistance
a: no special abilities


You were on level 8 of the Dungeon.
You visited 2 branches of the dungeon, and saw 9 of its levels.

You collected 335 gold pieces.
You spent 244 gold pieces at shops.


Innate Abilities, Weirdness & Mutations

You are immune to sickness and miasma.
Your stone body is resilient. (AC +7)
You are immune to poison.
You resist negative energy. (rN+)
You are resistant to electric shocks. (rElec)
You are resistant to unholy torment.
You are immune to petrification.


   Skills:
 - Level 8.3 Fighting
 + Level 10.5 Axes
 - Level 6.3 Armour
 - Level 1.2 Dodging
 - Level 5.0 Shields


You had 9 spell levels left.
You didn't know any spells.
Your spell library was empty.

Inventory:

Hand Weapons
 p - a +0 morningstar
 Y - a +4 vorpal war axe (weapon)
Armour
 c - a +0 buckler (worn)
 l - a +0 plate armour (worn)
 n - +0 acid dragon scales
 q - a +0 cloak (worn)
Jewellery
 e - a +6 ring of strength (left hand)
 g - an amulet of regeneration (around neck)
Scrolls
 a - 2 scrolls of identify
 j - 9 scrolls of teleportation
Potions
 b - a potion of haste
 d - a potion of might
 f - a potion of attraction
 h - a potion of curing
 i - a potion of lignification
 k - 2 potions of mutation
 o - 2 potions of cancellation

Dungeon Overview and Level Annotations

Branches:
Dungeon (8/15)             Temple (1/1) D:5
   Lair: D:8-11

Altars:
Ashenzari
Elyvilon
Fedhas
Gozag
Hepliaklqana
Kikubaaqudgha
Makhleb
Nemelex Xobeh
Qazlal
Sif Muna
Trog
Uskayaw
Wu Jian
Yredelemnul
The Shining One

Shops:
D:3 *   D:5 ((   D:6 :?[:?


Message History

The gnoll hits you from afar with a +0 halberd!
The slime creature is engulfed in blazing flames.
You slice the brown ugly thing!!
The brown ugly thing is moderately wounded.
The brown ugly thing barely misses you.
The troll bites the plant!!
The troll claws the plant!
The troll claws the plant.
The gnoll hits you from afar with a +0 halberd!
You closely miss the brown ugly thing.
The brown ugly thing is moderately wounded.
A nearby plant withers and dies.
The brown ugly thing pecks you.
You are splashed with acid!
The gnoll hits you but does no damage.
The troll bites the plant!
The troll claws the plant! x2
You slash the brown ugly thing!
The brown ugly thing is severely wounded.
You hit the steam dragon.
A nearby plant withers and dies.
You block the brown ugly thing's attack.
The steam dragon bites you. You block the steam dragon's attack.
The gnoll hits you but does no damage.
You hit the brown ugly thing.
The brown ugly thing is severely wounded.
You hit the steam dragon. The brown ugly thing pecks you!
The acid corrodes you!
You are splashed with acid.
The steam dragon bites you but does no damage.
The steam dragon barely misses you. You block the gnoll's attack.
You barely miss the brown ugly thing.
The brown ugly thing is severely wounded.
You hit the steam dragon.
You block the brown ugly thing's attack.
The steam dragon breathes steam at you. The ball of steam hits you!
The gnoll hits you from afar with a +0 halberd!
You hear a loud, deep croak!
5994 ||| READING 10 scrolls of teleportation.
As you read the scroll of teleportation, it crumbles to dust.
You feel strangely unstable.
You are engulfed in a cloud of scalding steam.
The brown ugly thing pecks you.
You are splashed with acid!
You die...

#.#..##.# #
#######.#.#.#.#
#
........#####..
##.#..##.## .#
#.#.%..#
#..##### ##...#
#.#.###.##.#
#...¤¤@D..#..
#..###u###.#
#..


Tg. ... # #R## .## #0#J ## #.#' #... #### You could see a brown ugly thing, a
slime creature, a troll, an efreet, a steam dragon (catching breath) and a
gnoll.

Vanquished Creatures
  Grinder (D:3)
  6 yaks (D:8)
  A wraith (D:8)
  A vampire (D:6)
  Eustachio (D:4)
  A steam dragon (D:7)
  An acid dragon (D:7)
  2 black bears
  2 ice beasts
  3 ogres
  2 centaurs
  3 bullfrogs
  A kobold brigand (D:7)
  A necrophage (D:6)
  A wyvern zombie (D:5)
  A scorpion (D:6)
  A water moccasin zombie (D:5)
  10 wights (D:6)
  A howler monkey (D:4)
  A hound (D:5)
  A jelly (D:4)
  An orc priest (D:5)
  3 gnoll boudas
  4 iguanas
  Jessica (D:3)
  An orc wizard (D:5)
  16 gnolls
  3 adders
  A shadow imp (D:6)
  2 white imps
  3 ufetubi
  2 worms (D:2)
  5 dart slugs
  6 orcs
  13 ball pythons
  7 endoplasms
  3 giant cockroaches
  5 goblins
  4 hobgoblins
  11 jackals
  5 quokkas
  5 bats
  4 frilled lizards
  12 kobolds
  7 rats
166 creatures vanquished.

Vanquished Creatures (others)
  3 plants (D:8)
3 creatures vanquished.

Grand Total: 169 creatures vanquished

Notes
Turn   | Place    | Note
-------+----------+-------------------------------------------
     0 | D:1      | qw the Gargoyle Fighter began the quest for the Orb.
     0 | D:1      | Reached XP level 1. HP: 14/14 MP: 1/1
     0 | D:1      | 0 ||| qw: Version: 0.2-a-13-gfc7b4b4
     0 | D:1      | 0 ||| qw: Game counter: 1855
     0 | D:1      | 0 ||| qw: Always use a shield: true
     0 | D:1      | 0 ||| qw: God list: Okawaru
     0 | D:1      | 0 ||| qw: Allow faded altars: false
     0 | D:1      | 0 ||| qw: Do Orc after D:15 true
     0 | D:1      | 0 ||| qw: Do second Lair branch before Depths: true
     0 | D:1      | 0 ||| qw: Lair rune preference: random
     0 | D:1      | 0 ||| qw: Plans: Normal, Zot:1-4, God:TSO, Crypt, Tomb,
                  | Pan, Slime:5, Hells, Abyss, Orb
     0 | D:1      | 0 ||| PLANNING D:1-11
    18 | D:1      | Reached skill level 2 in Axes
    52 | D:1      | 52 ||| Stepping ~*~*~tactically~*~*~ (hiding).
    78 | D:1      | Reached XP level 2. HP: 19/19 MP: 2/2
    82 | D:1      | 82 ||| Stepping ~*~*~tactically~*~*~ (stealth).
   156 | D:1      | Reached skill level 3 in Axes
   179 | D:1      | Reached XP level 3. HP: 23/23 MP: 3/3
   462 | D:1      | 462 ||| DROPPING +0 club.
   646 | D:1      | 646 ||| UPGRADING to +0 chain mail.
   656 | D:1      | 656 ||| DROPPING +0 scale mail.
   657 | D:1      | 657 ||| UPGRADING to amulet of regeneration.
   662 | D:1      | 662 ||| READING 2 scrolls labelled QOKUREVUUF.
   663 | D:1      | 663 ||| READING scroll labelled EVOCHAMUIN.
   664 | D:1      | 664 ||| READING scroll labelled HARARR ABUE.
   668 | D:1      | 668 ||| READING scroll labelled BITHRE RUL JUISM.
   691 | D:2      | 691 ||| STAIRDANCE
   898 | D:2      | 898 ||| Stepping ~*~*~tactically~*~*~ (water).
  1025 | D:2      | Reached XP level 4. HP: 28/28 MP: 4/4
  1374 | D:2      | 1374 ||| READING 2 scrolls labelled CIRGHANIETE.
  1375 | D:2      | 1375 ||| DRINKING 2 white potions.
  1376 | D:2      | 1376 ||| DRINKING 3 fuming ruby potions.
  1377 | D:2      | 1377 ||| READING 3 scrolls of identify.
  1377 | D:2      | 1377 ||| IDENTIFYING sapphire potion
  1378 | D:2      | 1378 ||| READING 2 scrolls of identify.
  1378 | D:2      | 1378 ||| IDENTIFYING cyan potion
  1379 | D:2      | 1379 ||| DROPPING scroll of fear.
  1392 | D:2      | 1392 ||| STAIRDANCE
  1552 | D:3      | Reached skill level 4 in Axes
  1673 | D:3      | Noticed Grinder
  1673 | D:3      | Paralysed by Grinder for 3 turns
  1687 | D:3      | Paralysed by Grinder for 2 turns
  1702 | D:3      | HP: 6/28 [Grinder (2)]
  1703 | D:3      | 1703 ||| READING 4 scrolls of teleportation.
  1704 | D:3      | Killed Grinder
  1705 | D:3      | Reached skill level 5 in Axes
  1705 | D:3      | Reached XP level 5. HP: 10/32 MP: 5/5
  1705 | D:3      | Reached XP level 6. HP: 12/37 MP: 6/6
  1834 | D:3      | Found a white marble altar of Elyvilon.
  1838 | D:3      | Noticed Jessica
  1844 | D:3      | Killed Jessica
  1953 | D:3      | Found Catialam's General Store.
  1958 | D:3      | 1958 ||| SHOPLISTING ring of Weguy {rCorr MP+9} (504 gold,
                  | have 74).
  1958 | D:3      | 1958 ||| BUYING scroll of identify (22 gold).
  1958 | D:3      | Bought a scroll of identify for 22 gold pieces
  1958 | D:3      | 1958 ||| BUYING scroll of identify (22 gold).
  1958 | D:3      | Bought a scroll of identify for 22 gold pieces
  1958 | D:3      | 1958 ||| SHOPLISTING scroll of teleportation (33 gold, have
                  | 30).
  2028 | D:3      | 2028 ||| UPGRADING to +0 plate armour.
  2038 | D:3      | 2038 ||| DROPPING +0 chain mail.
  2039 | D:3      | 2039 ||| READING scroll labelled BADUONTYNUS.
  2040 | D:3      | 2040 ||| READING scroll labelled XUKHO TIFFEN.
  2041 | D:3      | 2041 ||| READING 3 scrolls of identify.
  2041 | D:3      | 2041 ||| IDENTIFYING fuming silvery potion
  2042 | D:3      | 2042 ||| READING 2 scrolls of identify.
  2042 | D:3      | 2042 ||| IDENTIFYING fizzy yellow potion
  2361 | D:4      | 2361 ||| Stepping ~*~*~tactically~*~*~ (stealth).
  2395 | D:4      | Reached skill level 6 in Axes
  2414 | D:4      | 2414 ||| SWAPPING to +2 vorpal war axe.
  2415 | D:4      | 2415 ||| DROPPING +0 war axe.
  2418 | D:4      | 2418 ||| Stepping ~*~*~tactically~*~*~ (stealth).
  2463 | D:4      | Noticed Eustachio
  2464 | D:4      | 2464 ||| Stepping ~*~*~tactically~*~*~ (stealth).
  2468 | D:4      | 2468 ||| Stepping ~*~*~tactically~*~*~ (hiding).
  2514 | D:4      | 2514 ||| Stepping ~*~*~tactically~*~*~ (hiding).
  2523 | D:4      | Killed Eustachio
  2524 | D:4      | Reached XP level 7. HP: 36/43 MP: 7/7
  2822 | D:5      | Entered Level 5 of the Dungeon
  2853 | D:5      | 2853 ||| DROPPING +0 whip.
  2895 | D:5      | Reached skill level 7 in Axes
  2909 | D:5      | 2909 ||| Stepping ~*~*~tactically~*~*~ (stealth).
  2965 | D:5      | Reached skill level 1 in Dodging
  2969 | D:5      | Found a basalt altar of Yredelemnul.
  3107 | D:5      | Found Qeteror's Weapon Boutique.
  3109 | D:5      | 3109 ||| Stepping ~*~*~tactically~*~*~ (hiding).
  3110 | D:5      | 3110 ||| Stepping ~*~*~tactically~*~*~ (hiding).
  3119 | D:5      | Reached XP level 8. HP: 42/49 MP: 8/8
  3133 | D:5      | 3133 ||| BUYING +0 morningstar (40 gold).
  3133 | D:5      | Bought a +0 morningstar for 40 gold pieces
  3133 | D:5      | 3133 ||| DROPPING +0 flail.
  3425 | D:5      | 3425 ||| Stepping ~*~*~tactically~*~*~ (hiding).
  3471 | D:5      | 3471 ||| Stepping ~*~*~tactically~*~*~ (hiding).
  3715 | D:5      | Found a staircase to the Ecumenical Temple.
  3716 | D:5      | 3716 ||| PLANNING TEMPLE
  3716 | D:5      | 3716 ||| READING scroll labelled UTRIUM DIFILUE.
  3721 | Temple   | Entered the Ecumenical Temple
  3980 | Temple   | 3980 ||| PLANNING D:1-11
  4005 | D:5      | Found Biusta's Weapon Shoppe.
  4083 | D:6      | Reached skill level 8 in Axes
  4114 | D:6      | Found Qoseum's Book Shoppe.
  4208 | D:6      | Found Gommaff's Book Shoppe.
  4211 | D:6      | Reached skill level 6 in Fighting
  4211 | D:6      | 4211 ||| Stepping ~*~*~tactically~*~*~ (hiding).
  4223 | D:6      | 4223 ||| READING scroll of enchant weapon.
  4223 | D:6      | 4223 ||| ENCHANTING +3 vorpal war axe.
  4254 | D:6      | Found Sasosch's Magic Scroll Boutique.
  4262 | D:6      | 4262 ||| BUYING 3 scrolls of teleportation (108 gold).
  4262 | D:6      | Bought 3 scrolls of teleportation for 108 gold pieces
  4262 | D:6      | 4262 ||| BUYING scroll of identify (24 gold).
  4262 | D:6      | Bought a scroll of identify for 24 gold pieces
  4262 | D:6      | 4262 ||| SHOPLISTING scroll of identify (24 gold, have 11).
  4269 | D:6      | Found Numemu's Antique Armour Shop.
  4272 | D:6      | 4272 ||| SHOPLISTING embroidered scarf (192 gold, have 11).
  4272 | D:6      | 4272 ||| SHOPLISTING helmet (108 gold, have 11).
  4272 | D:6      | 4272 ||| SHOPLISTING pair of boots (108 gold, have 11).
  4272 | D:6      | 4272 ||| SHOPLISTING runed buckler (180 gold, have 11).
  4272 | D:6      | 4272 ||| SHOPLISTING transparent acid dragon scales (1080
                  | gold, have 11).
  4449 | D:6      | Found Dabbeni's Magic Scroll Shop.
  4459 | D:6      | 4459 ||| SHOPLISTING scroll of enchant armour (105 gold,
                  | have 29).
  4459 | D:6      | 4459 ||| BUYING scroll of identify (28 gold).
  4459 | D:6      | Bought a scroll of identify for 28 gold pieces
  4459 | D:6      | 4459 ||| SHOPLISTING scroll of identify (28 gold, have 1).
  4459 | D:6      | 4459 ||| SHOPLISTING scroll of teleportation (42 gold, have
                  | 1).
  4507 | D:6      | Reached skill level 9 in Axes
  4507 | D:6      | Reached XP level 9. HP: 53/55 MP: 9/9
  4550 | D:6      | 4550 ||| DRINKING 2 potions of curing.
  4550 | D:6      | 4550 ||| (to cure confusion)
  4655 | D:6      | 4655 ||| Stepping ~*~*~tactically~*~*~ (stealth).
  4656 | D:6      | 4656 ||| Stepping ~*~*~tactically~*~*~ (stealth).
  4807 | D:6      | 4807 ||| Stepping ~*~*~tactically~*~*~ (hiding).
  5069 | D:6      | 5069 ||| UPGRADING to +6 ring of strength.
  5070 | D:6      | 5070 ||| DRINKING 2 yellow potions.
  5071 | D:6      | 5071 ||| READING 4 scrolls of identify.
  5071 | D:6      | 5071 ||| IDENTIFYING metallic clear potion
  5072 | D:6      | 5072 ||| READING 3 scrolls of identify.
  5072 | D:6      | 5072 ||| IDENTIFYING fuming puce potion
  5073 | D:6      | 5073 ||| DROPPING potion of invisibility.
  5074 | D:6      | 5074 ||| DROPPING potion of flight.
  5075 | D:6      | 5075 ||| DROPPING potion of degeneration.
  5228 | D:7      | 5228 ||| Stepping ~*~*~tactically~*~*~ (hiding).
  5229 | D:7      | Identified the +4 rapier of Goxt {vorpal, rC- rCorr Int+3}
  5331 | D:7      | Reached skill level 10 in Axes
  5374 | D:7      | 5374 ||| FLEEEEING.
  5375 | D:7      | 5375 ||| FLEEEEING.
  5376 | D:7      | 5376 ||| FLEEEEING.
  5377 | D:7      | 5377 ||| FLEEEEING.
  5378 | D:7      | 5378 ||| FLEEEEING.
  5379 | D:7      | 5379 ||| FLEEEEING.
  5380 | D:7      | 5380 ||| FLEEEEING.
  5381 | D:7      | 5381 ||| FLEEEEING.
  5382 | D:7      | 5382 ||| FLEEEEING.
  5384 | D:7      | 5384 ||| FLEEEEING.
  5386 | D:7      | 5386 ||| FLEEEEING.
  5387 | D:7      | 5387 ||| FLEEEEING.
  5665 | D:7      | 5665 ||| UPGRADING to +0 cloak.
  5670 | D:7      | 5670 ||| READING scroll labelled XAPLAJ FOXEURY.
  5712 | D:8      | 5712 ||| Stepping ~*~*~tactically~*~*~ (stealth).
  5713 | D:8      | 5713 ||| Stepping ~*~*~tactically~*~*~ (stealth).
  5715 | D:8      | 5715 ||| Stepping ~*~*~tactically~*~*~ (hiding).
  5734 | D:8      | 5734 ||| Stepping ~*~*~tactically~*~*~ (stealth).
  5744 | D:8      | Reached skill level 6 in Armour
  5744 | D:8      | Reached XP level 10. HP: 64/64 MP: 10/10
  5791 | D:8      | 5791 ||| Stepping ~*~*~tactically~*~*~ (hiding).
  5793 | D:8      | 5793 ||| Stepping ~*~*~tactically~*~*~ (hiding).
  5794 | D:8      | 5794 ||| Stepping ~*~*~tactically~*~*~ (hiding).
  5985 | D:8      | Noticed a brown ugly thing
  5993 | D:8      | HP: 14/64 [steam dragon/ball of steam (8)]
  5993 | D:8      | HP: 5/64 [gnoll/+0 halberd (9)]
  5994 | D:8      | 5994 ||| READING 10 scrolls of teleportation.
  5994 | D:8      | HP: 2/64 [brown ugly thing (4)]
  5994 | D:8      | Splashed by a brown ugly thing's acid

Levels and vault maps discovered:
D:1:      spicycebolla_arrival_ecumenical, layout_rooms
D:2:      wander_river, layout_loops_cross, minmay_misc_feat_nine_boxes
D:3:      layout_rooms, elyvilon_altar_1, serial_shops,
          nicolae_shop_temple_entry_statues_fountains, uniq_jessica,
          uniq_crazy_yiuf_cottage, uniq_grinder
D:4:      minmay_door_path, layout_rooms, minmay_stone_trees_small,
          uniq_eustachio
D:5:      layout_basic, lemuel_zombie_altar_yredelemnul,
          minmay_temple_entry_proselytizer, serial_shops,
          nicolae_shop_bloodbath_and_beyond, shop
D:6:      layout_basic, serial_shops, nicolae_shop_stone, nicolae_stop_n_shop_1,
          shop, nicolae_lakefront_shop, kennysheep_mini_moat
D:7:      layout_rooms, kennysheep_generic_room_13
D:8:      layout_loops_ring, minmay_shattered_shrine, uniq_maurice
Temple:   compressed_dpeg_triangle_lava_temple

Skill      XL: |  1  2  3  4  5  6  7  8  9 10 |
---------------+-------------------------------+-----
Axes           | 2 3 5 6 7 9 10 | 10.5
Fighting       | 4 5 6 7 8 |  8.3
Dodging        | 1 |  1.2
Armour         | 4 6 |  6.3
Shields        | 4 5 |  5.0

Action                   |  1- 3 |  4- 6 |  7- 9 | 10-12 || total
-------------------------+-------+-------+-------+-------++-------
Melee: War axe           |   103 |   169 |   239 |    38 ||   549
  Use: Scroll            |     4 |     8 |     5 |     1 ||    18
       Potion            |       |     2 |     2 |       ||     4
Armor: Scale mail        |    34 |       |       |       ||    34
       Chain mail        |     8 |    41 |       |       ||    49
       Plate armour      |       |    81 |   150 |    31 ||   262
Dodge: Dodged            |    46 |    56 |    87 |    18 ||   207
Block: Buckler           |    19 |    30 |    44 |    10 ||   103

Table legend:
 A = Non-vault XP
 B = Vault XP
 C = Vault XP percentage of total XP
 D = Non-vault monster count
 E = Vault monster count
 F = Vault count percentage of total count
                 A         B        C        D         E       F
            +---------+---------+-------+---------+---------+-------
      Total |    4852 |    1229 |  20.2 |     153 |      13 |   7.8
            +---------+---------+-------+---------+---------+-------
        D:1 |      55 |       0 |   0.0 |      31 |       0 |   0.0
        D:2 |      40 |       0 |   0.0 |      20 |       0 |   0.0
        D:3 |      32 |     304 |  90.5 |      12 |       2 |  14.3
        D:4 |      87 |     257 |  74.7 |      12 |       4 |  25.0
        D:5 |     683 |     209 |  23.4 |      19 |       3 |  13.6
        D:6 |    1783 |       0 |   0.0 |      29 |       0 |   0.0
        D:7 |     780 |     149 |  16.0 |      22 |       2 |   8.3
        D:8 |    1392 |     310 |  18.2 |       8 |       2 |  20.0
            +---------+---------+-------+---------+---------+-------
